 Dungeon Crawl Stone Soup version 0.29.0-13-gc9e81de378 (webtiles) character file.

Game seed: 6822795021212763850

49 purpskrrrp the Grave Robber (level 3, -2/24 HPs)
             Began as a Demonspawn Necromancer on Sept 7, 2022.
             Slain by Crazy Yiuf
             ... wielding a +2 quarterstaff of chaos
              (3 damage)
             ... on level 2 of the Dungeon.
             The game lasted 00:04:51 (2559 turns).

purpskrrrp the Grave Robber (DsNe)                  Turns: 2559, Time: 00:04:51

Health: -2/24      AC:  3    Str:  8    XL:     3   Next: 51%
Magic:  3/6        EV: 12    Int: 18    God:
Gold:   116        SH:  0    Dex: 13    Spells: 6/7 levels left

rFire   . . .      SeeInvis .   i - staff of air
rCold   . . .      Faith    .   (no shield)
rNeg    . . .      Spirit   .   a - +0 robe
rPois   .          Reflect  .   (no helmet)
rElec   +          Harm     .   (no cloak)
rCorr   .          Rampage  .   (no gloves)
Will    .....                   (no boots)
Stlth   ++........              (no amulet)
HPRegen 0.08/turn               (no ring)
MPRegen 0.10/turn               (no ring)

@: no status effects
A: demonic guardian 1, sharp scales 1
a: no special abilities


You were on level 2 of the Dungeon.
You visited 1 branch of the dungeon, and saw 2 of its levels.

You collected 116 gold pieces.

Inventory:

Armour
 a - a +0 robe (worn)
Magical Staves
 i - a staff of air (weapon)
Scrolls
 c - a scroll of fear
 e - 4 scrolls of vulnerability
 h - a scroll of teleportation
Potions
 b - 2 potions of magic
 f - a potion of brilliance {unknown}
 g - 2 potions of curing {unknown}
 j - a potion of might {unknown}
 k - a potion of lignification {unknown}


   Skills:
 + Level 2.2 Dodging
 + Level 2.2 Stealth
 * Level 2.5 Spellcasting
 * Level 4.9 Necromancy
 + Level 0.4 Evocations


You had 6 spell levels left.
You knew the following spells:

 Your Spells              Type           Power      Damage    Failure   Level
a - Necrotise             Necr           76%        1d7       2%          1

Your spell library contained the following spells:

 Spells                   Type           Power      Damage    Failure   Level
 Vampiric Draining        Necr           19%        2d7       7%          3
 Apportation              Tloc           4%         N/A       17%         1
 Summon Small Mammal      Summ           8%         N/A       17%         1
 Animate Dead             Necr           19%        N/A       22%         4
 Agony                    Necr           19%        N/A       54%         5


Dungeon Overview and Level Annotations

Branches:
Dungeon (2/15)

Altars:

Annotations:
D:2 Crazy Yiuf


Innate Abilities, Weirdness & Mutations

A weak demonic guardian rushes to your aid.
You are partially covered in razor-sharp scales. (AC +1, Slay +1)


Message History

Could not explore, unopened runed door.
Could not explore, unopened runed door.
Okay, then.
As you read the scroll labelled YMAILU GESEKH, it crumbles to dust.
You assume a fearsome visage.
Nothing appears to happen.
It was a scroll of fear.
As you read the scroll labelled FUCVOF HER, it crumbles to dust.
The scroll dissolves into smoke.
It was a scroll of fog.
As you read the scroll labelled JOLLOPH DOIQA, it crumbles to dust.
Magic quickly surges around you.
It was a scroll of vulnerability.
Crazy Yiuf shouts!
Unknown command.
As you read the scroll labelled VEQETO CAKKUNY, it crumbles to dust.
You feel strangely unstable.
It was a scroll of teleportation.
Unknown command.
You start waiting.
Your surroundings suddenly seem different.
You start waiting.
You feel your willpower return.
You start waiting.
Done waiting.
Okay, then.
Crazy Yiuf shouts!
Crazy Yiuf grits, "Pitchfork meccalolo illywillydillykilly!"
You open the door.
Crazy Yiuf writhes in agony.
You hit Crazy Yiuf.
Crazy Yiuf is heavily wounded.
Crazy Yiuf closely misses you.
Crazy Yiuf writhes in agony.
Crazy Yiuf hits you with a +2 quarterstaff of chaos!
You hit Crazy Yiuf but do no damage.
Crazy Yiuf is heavily wounded.
Crazy Yiuf hits you with a +2 quarterstaff of chaos.
* * * LOW HITPOINT WARNING * * *
You feel your power leaking away.
Crazy Yiuf hits you with a +2 quarterstaff of chaos.
* * * LOW HITPOINT WARNING * * *
A demonic guardian appears!
Crazy Yiuf burns you.
You die...

#.#.....#
#....# #.....#
#.#.#####
#....# #####.#
#.#.# ♣....♣
#.#
####.#.#####
♣♣...♣ #.#
...........#
♣♣.♣♣ #..
<.........##
♣♣.♣ #####.
##.#.#....'#
♣.♣♣ #.....
.....#<...##
♣♣5♣ #.....
########...#
♣@♣♣ #.....
#...# #g#
#..... #...#
... #.....
#...# #...#
#..... #####
#)..# #.....
#####
#######.....
#...........
####....(......
#..........####


You could see Crazy Yiuf (ally target) and a friendly iron imp (summoned).

Vanquished Creatures
  An adder (D:2)
  A worm (D:2)
  2 ball pythons
  2 endoplasms (D:1)
  A giant cockroach (D:1)
  2 goblins (D:2)
  4 hobgoblins (D:1)
  3 kobolds (D:2)
  2 quokkas
  4 bats
  3 frilled lizards
  2 rats (D:1)
27 creatures vanquished.

Vanquished Creatures (collateral kills)
  A giant cockroach (D:1)
  A hobgoblin (D:1)
  2 jackals (D:1)
  2 frilled lizards
6 creatures vanquished.

Grand Total: 33 creatures vanquished

Notes
Turn   | Place    | Note
-------+----------+-------------------------------------------
     0 | D:1      | purpskrrrp the Demonspawn Necromancer began the quest for
                  | the Orb.
     0 | D:1      | Reached XP level 1. HP: 13/13 MP: 3/3
   234 | D:1      | Gained mutation: A weak demonic guardian rushes to your
                  | aid. [demonic ancestry]
   234 | D:1      | Reached XP level 2. HP: 19/19 MP: 3/5
  1505 | D:2      | Gained mutation: You are partially covered in razor-sharp
                  | scales. (AC +1, Slay +1) [demonic ancestry]
  1505 | D:2      | Reached XP level 3. HP: 22/24 MP: 4/6
  2188 | D:2      | Found a runed translucent door.
  2189 | D:2      | Noticed Crazy Yiuf
  2559 | D:2      | HP: 1/24 [Crazy Yiuf/+2 quarterstaff of chaos (6)]
  2559 | D:2      | Slain by Crazy Yiuf

Illustrated notes

Levels and vault maps discovered:
D:1:      nzn_arrival_crosshair, layout_basic
D:2:      layout_basic, uniq_crazy_yiuf_cottage

Skill      XL: |  1  2 |
---------------+-------+-----
Stealth        | 2 |  2.2
Dodging        | 2 |  2.2
Spellcasting   | |  2.5
Necromancy     | |  4.9
Evocations     | |  0.4

Action                   || total
-------------------------++-------
Melee: Unarmed           ||    34
       Punch             ||     2
       Staff             ||     8
 Cast: Necrotise         ||    48
  Use: Scroll            ||     4
 Stab: Sleeping          ||     1
Armor: Robe              ||     7
Dodge: Dodged            ||    35
